 Dungeon Crawl Stone Soup version 0.21-a0-186-g02e8684 (webtiles) character file.

82 Atlas the Sneak (level 4, -2/23 HPs)
             Began as a Vine Stalker Assassin on Aug 14, 2017.
             Slain by Sigmund
             ... wielding a +0 scythe
              (6 damage)
             ... on level 2 of the Dungeon.
             The game lasted 00:05:07 (1472 turns).

Atlas the Sneak (Vine Stalker Assassin)             Turns: 1472, Time: 00:05:08

Health: -2/23      AC:  9    Str: 13    XL:     4   Next: 43%
Magic:  0/5        EV: 11    Int: 11    God:
Gold:   74         SH:  0    Dex: 22    Spells: 3/3 levels left

rFire    x . .     SeeInvis .   a - +2 dagger
rCold    + . .     Gourm    .   (no shield)
rNeg     . . .     Faith    .   o - +0 chain mail
rPois    .         Spirit   +   (no helmet)
rElec    .         Reflect  .   d - +0 cloak
rCorr    .         Harm     .   (no gloves)
MR       .....                  (no boots)
Stlth    ++........             (no amulet)
HPRegen  0.47/turn              l - ring of ice
MPRegen  0.09/turn              (no ring)

@: agile
A: fangs 2, regeneration 1, magic shield, antimagic bite, no potion heal 3, rot
immunity
a: no special abilities


You were on level 2 of the Dungeon.
You were not hungry.

You visited 1 branch of the dungeon, and saw 2 of its levels.

You collected 74 gold pieces.

Inventory:

Hand Weapons
 a - a +2 dagger (weapon)
 b - a +0 blowgun
Missiles
 e - 8 poisoned needles
 f - 2 curare-tipped needles
Armour
 d - a +0 cloak (worn)
 o - a +0 chain mail (worn)
Jewellery
 l - a ring of ice (left hand)
Scrolls
 k - 2 scrolls of amnesia {unknown}
 p - a scroll of fog {unknown}
 r - a scroll of teleportation {unknown}
Potions
 q - a potion of heal wounds
Comestibles
 c - 4 fruits
 g - 3 bread rations
 h - 3 chunks of flesh
 i - a meat ration


   Skills:
 + Level 2.3 Fighting
 + Level 2.2 Short Blades
 + Level 2.0 Throwing
 + Level 1.2 Dodging
 + Level 6.1 Stealth


You had 3 spell levels left.
You didn't know any spells.

Dungeon Overview and Level Annotations

Branches:
Dungeon (2/15)

Altars:

Annotations:
D:2 Sigmund


Innate Abilities, Weirdness & Mutations

You have extremely sharp teeth.
Your natural rate of healing is unusually fast.
When hurt, damage is shared between your health and your magic reserves.
Your bite disrupts and absorbs the magic of your enemies.
Potions cannot restore your health.
You are immune to rotting.


Message History

A puff of flame appears from out of thin air!
The puff of flame hits you! The fire burns you terribly!
You closely miss something. Something hits you!
* * * LOW HITPOINT WARNING * * *
You hit something but do no damage. You hit something but do no damage.
Something hits you.
* * * LOW HITPOINT WARNING * * *
You hit something but do no damage. You bite something. You miss something.
You hear some strange, mumbled words.
Something tries to affect you, but you resist.
You miss something. You bite something.
You hear some strange, mumbled words.
Something tries to affect you, but you resist.
You hit something. You bite something. Something hits you but does no damage.
Unknown command.
Your chain mail prevents you from hitting something.
You bite something. You drain its magic.
You feel invigorated.
You hit something. Your bite misses something. Something hits you!
You die...

#.......#####.......# #...#
##.##.#......#.......# #...#
......#......#.......#######...##
...####......#...................
...# #..)....#.........)........
...# #.............##......."...
#.## #......##..#####.#####...##
#..# #......##..#####.# #...#
##.# #########.@......# #...# .#
#.(.....{######## #...# .#
#........# ####...# .. .........#
#.....## .# .........# #(##### S#
........## #(# ........#
#######(# ........# #.....).#####
.######## #...........#


There were no monsters in sight!

Vanquished Creatures
  2 adders (D:2)
  3 oozes
  A worm (D:2)
  3 dart slugs
  6 bats
  A giant cockroach (D:1)
  5 goblins
  6 hobgoblins
  4 jackals (D:1)
  2 frilled lizards
  5 kobolds
  6 rats
44 creatures vanquished.

Notes
Turn   | Place    | Note
-------+----------+-------------------------------------------
     0 | D:1      | Atlas the Vine Stalker Assassin began the quest for the Orb.
     0 | D:1      | Reached XP level 1. HP: 11/11 MP: 2/2
    36 | D:1      | Reached skill level 5 in Stealth
    36 | D:1      | Reached XP level 2. HP: 15/15 MP: 3/3
   493 | D:1      | Reached XP level 3. HP: 18/18 MP: 4/4
  1097 | D:2      | Reached skill level 1 in Dodging
  1097 | D:2      | Reached skill level 6 in Stealth
  1097 | D:2      | Gained mutation: Your natural rate of healing is unusually fast. [Vine Stalker growth]
  1097 | D:2      | Reached XP level 4. HP: 15/23 MP: 5/5
  1443 | D:2      | Noticed Sigmund
  1472 | D:2      | Slain by Sigmund

Vault maps used:
D:1:      erik_arrival_gehennom, feat_on_display
D:2:      uniq_sigmund

Skill      XL: |  1  2  3 |
---------------+----------+-----
Throwing       | 2 |  2.0
Stealth        | 5 6 |  6.1
Fighting       | 2 |  2.3
Short Blades   | 2 |  2.2
Dodging        | 1 |  1.2

Action                   |  1- 3 |  4- 6 || total
-------------------------+-------+-------++-------
Melee: Dagger            |    98 |    49 ||   147
       Bite              |    24 |    18 ||    42
  Use: Scroll            |       |     3 ||     3
       Potion            |       |     2 ||     2
 Stab: Sleeping          |    11 |       ||    11
       Distracted        |     1 |       ||     1
  Eat: Chunk             |     1 |     1 ||     2
Armor: Robe              |    29 |       ||    29
       Chain mail        |     5 |    23 ||    28
Dodge: Dodged            |    59 |    15 ||    74
